 Dungeon Crawl Stone Soup version 0.22.1-2-g9c5b331383 (webtiles) character file.

1178 Revguard the Cleaver (level 8, -10/69 HPs)
             Began as a Minotaur Gladiator on Dec 8, 2018.
             Was a Believer of Qazlal.
             Mangled by a two-headed ogre skeleton (13 damage)
             ... animated by the malice of Kikubaaqudgha
             ... on level 5 of the Dungeon.
             The game lasted 00:14:15 (2787 turns).

Revguard the Cleaver (Minotaur Gladiator)           Turns: 2787, Time: 00:14:16

Health: -10/69     AC:  4    Str: 21    XL:     8   Next: 18%
Magic:  7/7        EV: 14    Int:  5    God:    Qazlal [**....]
Gold:   312        SH:  3    Dex: 12    Spells: 7/7 levels left

rFire    . . .     SeeInvis .   a - +1 war axe
rCold    + + .     Gourm    .   (no shield)
rNeg     . . .     Faith    .   i - +1 leather armour {rC+}
rPois    .         Spirit   .   c - +0 hat
rElec    .         Reflect  .   (no cloak)
rCorr    .         Harm     .   (no gloves)
MR       .....                  (no boots)
Stlth    +.........             (no amulet)
HPRegen  0.21/turn              h - ring of protection from cold
MPRegen  0.10/turn              (no ring)

@: no status effects
A: retaliatory headbutt, claws 1, horns 2, blurry vision 1
a: Upheaval, Renounce Religion


You were on level 5 of the Dungeon.
You worshipped Qazlal.
Qazlal was pleased with you.
You were very hungry.

You visited 1 branch of the dungeon, and saw 5 of its levels.

You collected 312 gold pieces.

Inventory:

Hand Weapons
 a - a +1 war axe (weapon)
Missiles
 d - 5 throwing nets (quivered)
Armour
 c - a +0 hat (worn)
 i - a +1 leather armour of cold resistance (worn)
 o - a +0 plate armour
Jewellery
 h - a ring of protection from cold (left claw)
Wands
 b - a wand of enslavement (10)
 g - a wand of paralysis (10)
Scrolls
 j - 3 scrolls of identify
 k - 2 scrolls of remove curse
 m - a scroll of teleportation {unknown}
 n - a scroll of blinking {unknown}
Comestibles
 f - 4 rations


   Skills:
 + Level 5.4 Fighting
 + Level 9.4 Axes
 - Level 2.0 Throwing
 + Level 3.7 Armour
 + Level 5.2 Dodging


You had 7 spell levels left.
You didn't know any spells.
Your spell library contained the following spells:

 Spells                   Type           Power        Failure   Level  Hunger
 Animate Skeleton         Necr           N/A          52%         1    ##.....
 Pain                     Necr           #...         52%         1    ##.....
 Sublimation of Blood     Necr           #.........   67%         2    ###....
 Regeneration             Chrm/Necr      #.........   88%         3    ####...


Dungeon Overview and Level Annotations

Branches:
Dungeon (5/15)
 Temple: D:4-7

Altars:
Ashenzari
Hepliaklqana
Kikubaaqudgha
Okawaru
Qazlal
Sif Muna
Trog
Uskayaw
Vehumet
Zin

Shops:
D:4 *   D:5 !


Innate Abilities, Weirdness & Mutations

You reflexively headbutt those who attack you in melee.
You have a pair of horns on your head.
You have sharp fingernails.
Scrolls take you a little longer to read.


Message History

You block the black bear zombie's attack.
The black bear zombie barely misses you.
The black bear zombie claws you but does no damage.
The two-headed ogre skeleton hits you.
* * * LOW HITPOINT WARNING * * *
The two-headed ogre skeleton closely misses you.
You barely miss the black bear zombie.
The black bear zombie is almost destroyed.
You slash the two-headed ogre skeleton! The two-headed ogre skeleton hits you!
* * * LOW HITPOINT WARNING * * *
The two-headed ogre skeleton hits you but does no damage.
The black bear zombie completely misses you.
The black bear zombie claws you but does no damage.
The black bear zombie misses you.
Aiming: Upheaval
Press: ? - help, Dir - move target cursor, f - black bear zombie
Aim: a black bear zombie (almost destroyed) That beam is likely to hit you.
Continue anyway?
You fail to use your ability.
The two-headed ogre skeleton hits you!
You die...

.##.###.))####.## ..
....# #...# #... .# .####
#∩).# ##### # ## #...# .#
####...# .# #......###
##. ###.#......#### #..
#.. #.........###.##
#.#####......ZZ@#..##
#...#...##.##.#Z#.#.#
##.#.#.####.#..)..<.#
#.#............#)#..###.#
.###..##.####.##.#......#
#.#.### .# #.##....####
##.## # #.#####.# ##.#
#.#####.# .#.# #....<..#


You could see a black bear zombie, a bat skeleton and a two-headed ogre
skeleton.

Vanquished Creatures
  Edmund (D:5)
  3 ogres
  A phantom (D:5)
  A centaur (D:5)
  2 howler monkeys (D:5)
  A centaur zombie (D:5)
  2 hounds (D:4)
  A gnoll shaman (D:5)
  An orc wizard (D:5)
  A bullfrog skeleton (D:5)
  3 iguanas
  Ijyb (D:5)
  Natasha (thrice) (D:2)
  2 worker ants
  A hound zombie (D:4)
  3 gnolls (D:5)
  8 adders
  2 adder zombies
  3 worms
  4 dart slugs
  3 leopard geckos
  5 orcs
  4 giant cockroaches
  9 goblins
  7 hobgoblins
  3 quokkas
  2 ball pythons
  A ball python zombie (D:4)
  2 bats
  3 frilled lizards
  A frilled lizard zombie (D:4)
  A jackal skeleton (D:5)
  8 kobolds
  A leopard gecko skeleton (D:3)
  3 orc skeletons (D:5)
  15 rats
112 creatures vanquished.

Vanquished Creatures (others)
  2 orcs (D:5)
  A quokka (D:5)
  2 orc skeletons (D:5)
  A quokka skeleton (D:5)
  A quokka zombie (D:5)
7 creatures vanquished.

Grand Total: 119 creatures vanquished

Notes
Turn   | Place    | Note
-------+----------+-------------------------------------------
     0 | D:1      | Revguard the Minotaur Gladiator began the quest for the
                  | Orb.
     0 | D:1      | Reached XP level 1. HP: 18/18 MP: 0/0
    51 | D:1      | Reached XP level 2. HP: 19/25 MP: 1/1
   158 | D:1      | Reached skill level 4 in Axes
   630 | D:2      | Reached XP level 3. HP: 31/31 MP: 2/2
   685 | D:2      | Noticed Natasha
   691 | D:2      | Killed Natasha
   704 | D:2      | Noticed Natasha
   717 | D:2      | Killed Natasha
   717 | D:2      | Reached skill level 5 in Axes
   717 | D:2      | Reached skill level 1 in Armour
   717 | D:2      | Reached XP level 4. HP: 30/38 MP: 3/3
   738 | D:2      | Found a glowing silver altar of Zin.
   780 | D:2      | Noticed an ogre
   803 | D:2      | Killed an ogre
   803 | D:2      | Reached XP level 5. HP: 35/46 MP: 4/4
   834 | D:2      | Found an ancient bone altar of Kikubaaqudgha.
   872 | D:2      | Noticed Natasha
   881 | D:2      | Killed Natasha
   881 | D:2      | Reached skill level 6 in Axes
   902 | D:2      | Found a deep blue altar of Sif Muna.
  1051 | D:2      | Found a bloodstained altar of Trog.
  1051 | D:2      | Found an iron altar of Okawaru.
  1143 | D:3      | Gained mutation: Scrolls take you a little longer to read.
                  | [potion of mutation]
  1143 | D:3      | Gained mutation: You have sharp fingernails. [potion of
                  | mutation]
  1199 | D:3      | Found a faded altar of an unknown god.
  1331 | D:3      | Reached XP level 6. HP: 52/52 MP: 5/5
  1422 | D:3      | Found a faded altar of an unknown god.
  1422 | D:3      | Found a hazy altar of Hepliaklqana.
  1440 | D:3      | Found a faded altar of an unknown god.
  1443 | D:3      | Found a shattered altar of Ashenzari.
  1445 | D:3      | Found a hide-covered altar of Uskayaw.
  1464 | D:3      | Became a worshipper of Kikubaaqudgha
  1464 | D:3      | Reached * piety under Kikubaaqudgha
  1464 | D:3      | Identified Kikubaaqudgha's Incunabulum of Stolen Souls
                  | (Kikubaaqudgha gifted it to you on level 3 of the Dungeon)
  1464 | D:3      | Received a gift from Kikubaaqudgha
  1476 | D:3      | Fell from the grace of Kikubaaqudgha
  1476 | D:3      | Became a worshipper of Qazlal Stormbringer
  1476 | D:3      | Reached * piety under Qazlal
  1657 | D:4      | Reached skill level 7 in Axes
  1823 | D:4      | Found Toawav's General Store.
  1864 | D:4      | Reached XP level 7. HP: 53/60 MP: 6/6
  2164 | D:5      | Entered Level 5 of the Dungeon
  2172 | D:5      | Reached ** piety under Qazlal
  2207 | D:5      | Reached skill level 8 in Axes
  2276 | D:5      | Found Ojaoch's Distillery.
  2281 | D:5      | Found a radiant altar of Vehumet.
  2486 | D:5      | Reached skill level 5 in Dodging
  2501 | D:5      | Reached skill level 5 in Fighting
  2558 | D:5      | Noticed Edmund
  2565 | D:5      | Reached XP level 8. HP: 23/68 MP: 7/7
  2567 | D:5      | Killed Edmund
  2567 | D:5      | Reached skill level 9 in Axes
  2628 | D:5      | Noticed Ijyb
  2634 | D:5      | Killed Ijyb
  2786 | D:5      | HP: 3/69 [two-headed ogre skeleton[the malice of
                  | Kikubaaqudgha] (9)]
  2787 | D:5      | Mangled by a two-headed ogre skeleton

Skill      XL: |  1  2  3  4  5  6  7  8 |
---------------+-------------------------+-----
Axes           | 4 5 6 7 8 9 |  9.4
Fighting       | 3 4 5 |  5.4
Armour         | 1 2 3 |  3.7
Dodging        | 4 5 |  5.2
Throwing       | |  2.0

Action                   |  1- 3 |  4- 6 |  7- 9 || total
-------------------------+-------+-------+-------++-------
Melee: War axe           |    73 |    83 |    86 ||   242
       Headbutt          |    14 |    16 |    20 ||    50
  Use: Potion            |     1 |     2 |     7 ||    10
       Scroll            |       |     7 |       ||     7
  Eat: Chunk             |       |     3 |     2 ||     5
Armor: Leather armour    |    20 |     9 |    26 ||    55
       Chain mail        |       |    21 |       ||    21
       Skin              |       |     3 |       ||     3
Dodge: Dodged            |    51 |    60 |    63 ||   174
Block: Other             |       |     2 |    10 ||    12
